Map: [ESL] Site Delta

Players

Nice

  • Race: Protoss Protoss
  • Spawn Location: 5:00

Jieshi - Winner!

  • Race: Protoss Protoss
  • Spawn Location: 11:00

Event: ESL SC2 Masters 2024 Spring (Regional)

VOD

Have the link to the VOD?

Description

Time

  • Played on: April 26, 2024, 6:21 a.m.
  • Length: 8:06

All games in this series

Show
View Real Time Build Order
Export as new Build Order

Nice Protoss 

Build Orders:  

Get SALT Encoding   

  12  0:00  Probe  
  13  0:12  Probe  
  14  0:17  Pylon  
  14  0:24  Probe (Chrono Boost)  
  16  0:36  Probe (Chrono Boost)  
  16  0:38  Gateway  
  16  0:42  Probe  
  16  0:47  Assimilator  
  17  0:54  Probe (Chrono Boost)  
  17  0:55  Assimilator  
  18  1:03  Gateway  
  18  1:06  Probe (Chrono Boost)  
  19  1:15  Probe (Chrono Boost)  
  20  1:20  Probe  
  21  1:26  Cybernetics Core  
  21  1:33  Probe  
  22  1:40  Pylon  
  22  1:45  Probe  
  23  2:03  Robotics Facility  
  23  2:04  Adept x2  
  23  2:07  Warp Gate  
  27  2:13  Pylon  
  27  2:28  Pylon  
  27  2:34  Stalker  
  27  2:36  Stalker  
  31  2:47  Immortal (Chrono Boost)  
  35  3:02  Gateway  
  35  3:20  Immortal (Chrono Boost)  
  39  3:52  Pylon  
  39  3:56  Warp Prism (Chrono Boost)  
  39  4:05  Pylon  
  39  4:12  Adept x3  
  45  4:24  Robotics Bay  
  45  4:30  Observer (Chrono Boost)  
  46  4:34  Adept x3  
  52  5:00  Pylon  
  52  5:08  Pylon  
  52  5:15  Disruptor (Chrono Boost)  
  52  5:20  Adept x3  
  62  5:48  Pylon, Disruptor  
  66  5:51  Zealot x2  
  64  6:19  Shield Battery  
  64  6:20  Stalker x3  
  70  6:44  Pylon  
  70  6:47  Zealot x3  
  68  6:54  Disruptor (Chrono Boost)  
  64  7:10  Zealot x3  
  51  7:32  Zealot x3  
Show
View Real Time Build Order
Export as new Build Order

Jieshi Protoss - Winner!

Build Orders: 1 Gate Expand 

Get SALT Encoding   

  12  0:00  Probe  
  13  0:12  Probe  
  14  0:17  Pylon  
  14  0:24  Probe (Chrono Boost)  
  15  0:36  Probe (Chrono Boost)  
  15  0:37  Gateway  
  16  0:45  Probe (Chrono Boost)  
  16  0:46  Assimilator  
  17  0:51  Probe  
  18  1:03  Probe  
  19  1:15  Probe  
  20  1:22  Nexus  
  20  1:32  Cybernetics Core  
  20  1:34  Probe  
  21  1:44  Assimilator  
  21  1:46  Probe  
  22  1:49  Pylon  
  22  1:59  Probe (Chrono Boost)  
  23  2:08  Stalker, Warp Gate  
  25  2:11  Probe (Chrono Boost)  
  26  2:19  Probe (Chrono Boost)  
  27  2:24  Robotics Facility  
  27  2:25  Probe  
  28  2:30  Shield Battery  
  28  2:36  Probe  
  29  2:37  Probe  
  30  2:45  Stalker  
  30  2:48  Probe  
  30  2:49  Probe  
  34  2:55  Gateway  
  34  3:00  Probe  
  34  3:01  Probe  
  36  3:11  Shield Battery  
  37  3:13  Probe  
  37  3:17  Immortal (Chrono Boost)  
  41  3:27  Pylon  
  41  3:30  Gateway  
  41  3:39  Shield Battery  
  41  3:40  Pylon  
  41  3:46  Shield Battery  
  41  3:56  Sentry  
  41  3:57  Immortal (Chrono Boost), Sentry  
  49  4:06  Gateway  
  49  4:13  Probe x2  
  49  4:15  Pylon  
  51  4:20  Cybernetics Core  
  51  4:25  Warp Prism (Chrono Boost)  
  53  4:33  Adept  
  53  4:34  Adept  
  53  4:36  Adept  
  60  4:38  Probe  
  60  4:39  Probe  
  61  4:55  Immortal (Chrono Boost)  
  61  4:59  Adept, Gateway  
  67  5:02  Sentry  
  69  5:18  Pylon  
  69  5:20  Pylon  
  69  5:37  Stalker x2  
  69  5:41  Immortal  
  69  5:42  Gateway  
  77  5:45  Gateway  
  77  5:53  Probe x2  
  77  5:54  Assimilator  
  77  5:57  Pylon  
  79  6:01  Adept  
  81  6:11  Adept x2  
  81  6:12  Probe x2  
  83  6:19  Observer  
  83  6:22  Gateway  
  84  6:27  Adept  
  86  6:34  Adept, Stalker  
  86  6:35  Probe  
  86  6:36  Probe  
  86  6:38  Immortal  
  89  6:43  Adept  
  89  6:44  Adept  
  91  6:59  Adept x2  
  91  7:00  Adept  
  83  7:04  Adept  
  83  7:05  Adept  
  81  7:10  Probe  
  81  7:11  Probe  
  81  7:17  Immortal  
  79  7:23  Adept x3  
  79  7:28  Zealot x2  
  79  7:29  Zealot  
  79  7:44  Probe x2  
Tags
 
Add a new tag
Caveats
  • Supply blocks, unpowered buildings, or Contaminate may cause inaccurate times.
  • Supply counts are checked every 10 seconds.